 Dungeon Crawl Stone Soup version 0.30.0-19-gbf45117a57 (webtiles) character file.

Game seed: 8373937771348744107

63715 qw the Severer (level 15, -11/96 HPs)
             Began as a Gargoyle Fighter on May 23, 2023.
             Was an Elder of Okawaru.
             Killed by divine providence
             ... invoked by a meliai
              (14 damage)
             ... on level 14 of the Dungeon.
             The game lasted 00:10:19 (17084 turns).

qw the Severer (Gargoyle Fighter)                  Turns: 17084, Time: 00:10:19

Health: -11/96     AC: 39    Str: 30    XL:     15   Next: 10%
Magic:  21/22      EV: 10    Int:  9    God:    Okawaru [****..]
Gold:   1615       SH: 13    Dex:  9    Spells: 14/14 levels left

rFire   . . .        y - +0 broad axe
rCold   + . .        k - +0 kite shield
rNeg    + . .        j - +3 plate armour of Warphiarch {rPois Str+3 Stlth-}
rPois   inf          h - +1 helmet
rElec   +            z - scarf {repulsion}
rCorr   .            i - +2 pair of gloves
SInv    +            u - +0 pair of boots
Will    ++...        p - amulet of regeneration Stlth
                     r - ring of see invisible
HPRegen 1.16/turn    v - ring of protection from cold
MPRegen 0.18/turn

%: repel missiles
@: about to teleport, heroic, flying
A: sickness immunity, AC +11, big wings, negative energy resistance 1,
electricity resistance, torment resistance 1, petrification resistance,
strong-willed 1
a: Renounce Religion, Heroism, Finesse


You were on level 14 of the Dungeon.
You worshipped Okawaru.
Okawaru was greatly pleased with you.
You visited 3 branches of the dungeon, and saw 19 of its levels.

You collected 1615 gold pieces.


Innate Abilities, Weirdness & Mutations

You are immune to sickness and miasma.
Your stone body is resilient. (AC +11)
You are immune to poison.
Your large and strong wings let you fly.
You resist negative energy. (rN+)
You are resistant to electric shocks. (rElec)
You are resistant to unholy torment.
You are immune to petrification.
You are strong-willed. (Will+)


   Skills:
 + Level 11.9(16.9) Fighting
 - Level 15.0(20.0) Axes
 - Level 6.0(11.0) Throwing
 - Level 11.0(16.0) Armour
 - Level 2.1(7.1) Dodging
 - Level 12.0(17.0) Shields
 - Level 10.0 Invocations


You had 14 spell levels left.
You didn't know any spells.
Your spell library was empty.

Inventory:

Hand Weapons
 s - a +2 heavy flail
 y - a +0 broad axe (weapon)
Missiles
 t - 2 boomerangs of dispersal
 x - 7 javelins
 A - 2 silver javelins (quivered)
Armour
 h - a +1 helmet (worn)
 i - a +2 pair of gloves (worn)
 j - the +3 plate armour of Warphiarch (worn) {rPois Str+3 Stlth-}
   (You acquired it on level 4 of the Dungeon)

   Str:       It affects your strength (+3).
   rPois:     It protects you from poison.
   Stlth:     It makes you less stealthy.
 k - a +0 kite shield (worn)
 l - a +0 cloak
 u - a +0 pair of boots (worn)
 z - a scarf of repulsion (worn)
Jewellery
 p - an amulet of regeneration (around neck)
 r - a ring of see invisible (left hand)
 v - a ring of protection from cold (right hand)
 w - a ring of ice
Wands
 b - a wand of digging (9)
Scrolls
 e - 6 scrolls of teleportation
 f - 10 scrolls of identify
Potions
 a - 3 potions of haste
 d - 2 potions of might
 g - 10 potions of curing
 m - 4 potions of resistance
 n - 3 potions of mutation
 o - 2 potions of cancellation
 q - a potion of lignification

Dungeon Overview and Level Annotations

Branches:
Dungeon (12/15)            Temple (1/1) D:5            Lair (5/5) D:8
 Shoals (0/4) Lair:2       Spider (0/4) Lair:3        Slime (0/5) Lair:4
    Orc (0/2) D:12

Altars:
Ashenzari
Cheibriados
Dithmenos
Elyvilon
Fedhas
Gozag
Hepliaklqana
Kikubaaqudgha
Makhleb
Nemelex Xobeh
Okawaru
Qazlal
Ru
Sif Muna
Trog
Uskayaw
Vehumet
Wu Jian
Xom
Yredelemnul
Zin
The Shining One
Jiyva

Portals:
Trove: D:10 (give 5 potions of resistance)

Annotations:
D:3 1 runed translucent door, Crazy Yiuf
D:12 2 transporters, qw's ghost, journeyman GrFi


Message History

17077 ||| INVOKING Heroism.
You gain the combat prowess of a mighty hero.
The meliai buzzes angrily.
The meliai hits you but does no damage. You block the meliai's attack.
You hit the meliai.
The meliai is moderately wounded.
The meliai hits you but does no damage. The meliai closely misses you. x2
You block the meliai's attack.
The meliai buzzes angrily.
You slash the meliai!
The meliai is severely wounded.
You block the meliai's attack. x2
The meliai calls upon its god to heal the meliai.
The meliai is healed somewhat.
You closely miss the meliai.
The meliai is moderately wounded.
The meliai closely misses you. You block the meliai's attack.
The meliai mumbles some strange prayers to its god against you.
Something smites you!
You hit the meliai but do no damage.
The meliai is moderately wounded.
The meliai mumbles some strange prayers to its god against you.
Something smites you!
The meliai mumbles some strange prayers to its god against you.
Something smites you!
17083 ||| READING 7 scrolls of teleportation.
As you read the scroll of teleportation, it crumbles to dust.
You feel strangely unstable. The meliai completely misses you.
The meliai closely misses you. You block the meliai's attack.
The meliai stings you but does no damage.
The meliai invokes the aid of its god against you.
Something smites you!
You barely miss the meliai.
The meliai is heavily wounded.
You slash the meliai! You block the meliai's attack. x2
The meliai invokes the aid of its god against you.
Something smites you!
You die...

# . y# #. ####y
##. ##... ..###
... # #.#.##
#y#
##.##....######
#y#
......yy.......
#.# #..@.# #.#
#.#.## ##.# #
#.# ##..# #.#
##.#.## #+#
#.#...# ##...##
##.#.##
####....####


You could see 2 meliai.

Vanquished Creatures
  Josephine (D:10)
  6 hydras
  4 boulder beetles
  A centaur warrior (D:9)
  A catoblepas (Lair:5)
  4 two-headed ogres
  6 death yaks
  A deep troll shaman (Lair:5)
  Sonja (D:11)
  Urug (D:11)
  Lodul (D:11)
  A skyshark (Lair:5)
  A flayed ghost (D:9)
  3 cyclopes
  3 manticores
  14 elephants (Lair:5)
  Maurice (D:10)
  7 black mambas
  12 cane toads
  Joseph (D:10)
  A gargoyle (D:11)
  8 komodo dragons
  2 torpor snails
  An unseen horror (D:7)
  3 rime drakes
  6 polar bears
  2 trolls
  A wind drake (Lair:2)
  2 hornets
  2 meliai
  8 blink frogs
  Grinder (D:3)
  5 dream sheep (Lair:5)
  Sigmund (D:2)
  A centaur simulacrum (D:12)
  9 slime creatures
  A shadow (D:9)
  6 wraiths
  6 wyverns
  58 yaks
  6 basilisks
  A steam dragon (D:9)
  A redback (shapeshifter) (D:10)
  Menkaure (D:7)
  2 vampire mosquitoes (D:12)
  Edmund (D:6)
  20 water moccasins
  7 black bears
  A sky beast (D:7)
  2 ice beasts
  3 orc warriors
  10 ogres
  35 wolves
  3 centaurs
  A phantom (D:5)
  3 kobold brigands
  12 bullfrogs
  Blork the orc (D:4)
  2 scorpions (D:5)
  9 wights
  19 killer bees
  5 howler monkeys
  2 jellies
  9 orc priests
  2 hounds (D:5)
  2 sleepcaps (D:6)
  6 iguanas
  Ijyb (D:3)
  9 orc wizards
  Natasha (thrice) (D:3)
  6 adders
  6 river rats (D:8)
  A shadow imp (D:6)
  2 white imps
  An ufetubus (D:6)
  A worm (D:2)
  2 dart slugs
  31 orcs
  11 endoplasms
  3 giant cockroaches (D:3)
  4 goblins (D:1)
  7 hobgoblins
  3 quokkas
  5 ball pythons (D:1)
  4 bats
  3 frilled lizards
  13 kobolds
  20 rats
496 creatures vanquished.

Notes
Turn   | Place    | Note
-------+----------+-------------------------------------------
     0 | D:1      | qw the Gargoyle Fighter began the quest for the Orb.
     0 | D:1      | Reached XP level 1. HP: 14/14 MP: 1/1
     0 | D:1      | 0 ||| qw: Version: 0.2-a-98-g5d7165a
     0 | D:1      | 0 ||| qw: Game counter: 39
     0 | D:1      | 0 ||| qw: Always use a shield: true
     0 | D:1      | 0 ||| qw: God list: Okawaru
     0 | D:1      | 0 ||| qw: Allow faded altars: false
     0 | D:1      | 0 ||| qw: Do Orc after D:15 true
     0 | D:1      | 0 ||| qw: Do second Lair branch before Depths: true
     0 | D:1      | 0 ||| qw: Lair rune preference: random
     0 | D:1      | 0 ||| qw: Plans: Normal, Zot:1-4, God:TSO, Crypt, Tomb,
                  | Pan, Slime:5, Hells, Abyss, Win
     0 | D:1      | 0 ||| PLANNING D:1-11
    41 | D:1      | Reached skill level 2 in Axes
    82 | D:1      | Reached XP level 2. HP: 19/19 MP: 2/2
   107 | D:1      | 107 ||| DROPPING +0 club.
   285 | D:1      | Reached skill level 3 in Axes
   289 | D:1      | Reached XP level 3. HP: 22/23 MP: 3/3
   307 | D:1      | 307 ||| Stepping ~*~*~tactically~*~*~ (hiding).
   480 | D:1      | 480 ||| Stepping ~*~*~tactically~*~*~ (hiding).
  1066 | D:1      | 1066 ||| READING scroll labelled FIURAIHAIB.
  1069 | D:1      | 1069 ||| READING scroll labelled HEYPSA UZUZI.
  1070 | D:1      | 1070 ||| READING scroll labelled OCECOO HOCERU.
  1071 | D:1      | 1071 ||| READING scroll labelled INUPHUI RAPA.
  1072 | D:1      | 1072 ||| READING 2 scrolls labelled FUD BEENEAROCK.
  1073 | D:1      | 1073 ||| READING scroll labelled JUYSCH VICKIC.
  1089 | D:1      | 1089 ||| DRINKING 2 blue potions.
  1090 | D:1      | 1090 ||| DROPPING scroll of vulnerability.
  1091 | D:1      | 1091 ||| DROPPING potion of flight.
  1166 | D:2      | Noticed Sigmund
  1167 | D:2      | 1167 ||| Stepping ~*~*~tactically~*~*~ (hiding).
  1169 | D:2      | 1169 ||| Stepping ~*~*~tactically~*~*~ (hiding).
  1171 | D:2      | 1171 ||| Stepping ~*~*~tactically~*~*~ (stealth).
  1181 | D:2      | Killed Sigmund
  1182 | D:2      | Reached skill level 5 in Axes
  1182 | D:2      | Reached XP level 4. HP: 24/28 MP: 4/4
  1182 | D:2      | Reached XP level 5. HP: 28/32 MP: 5/5
  1478 | D:2      | Found a faded altar of an unknown god.
  1541 | D:2      | Reached XP level 6. HP: 35/38 MP: 6/6
  1610 | D:2      | 1610 ||| Stepping ~*~*~tactically~*~*~ (hiding).
  1611 | D:2      | 1611 ||| Stepping ~*~*~tactically~*~*~ (hiding).
  1742 | D:2      | 1742 ||| UPGRADING to +0 plate armour.
  1752 | D:2      | 1752 ||| DROPPING +0 scale mail.
  1753 | D:2      | 1753 ||| UPGRADING to +0 cloak.
  1758 | D:2      | 1758 ||| READING 2 scrolls labelled ACENKE YXOE.
  1759 | D:2      | 1759 ||| DRINKING 2 green potions.
  1760 | D:2      | 1760 ||| DRINKING 2 metallic black potions.
  1760 | D:2      | Gained mutation: You sometimes lose your temper in combat.
                  | [potion of mutation]
  1760 | D:2      | Gained mutation: You have a pair of small antennae on your
                  | head. [potion of mutation]
  1761 | D:2      | 1761 ||| DRINKING potion of mutation.
  1761 | D:2      | Lost mutation: You have a pair of small antennae on your
                  | head. [potion of mutation]
  1761 | D:2      | Lost mutation: You sometimes lose your temper in combat.
                  | [potion of mutation]
  1761 | D:2      | Gained mutation: You are strong-willed. (Will+) [potion of
                  | mutation]
  1762 | D:2      | 1762 ||| READING 2 scrolls of identify.
  1762 | D:2      | 1762 ||| IDENTIFYING fuming black potion
  1763 | D:2      | 1763 ||| DROPPING potion of degeneration.
  1764 | D:2      | 1764 ||| DROPPING scroll of poison.
  1840 | D:3      | Noticed Ijyb
  1841 | D:3      | 1841 ||| DRINKING potion of curing.
  1841 | D:3      | 1841 ||| (to cure confusion)
  1842 | D:3      | 1842 ||| Stepping ~*~*~tactically~*~*~ (hiding).
  1851 | D:3      | Noticed Grinder
  1853 | D:3      | Killed Ijyb
  1860 | D:3      | Paralysed by Grinder for 2 turns
  1867 | D:3      | 1867 ||| Stepping ~*~*~tactically~*~*~ (hiding).
  1868 | D:3      | 1868 ||| Stepping ~*~*~tactically~*~*~ (hiding).
  1870 | D:3      | Killed Grinder
  1871 | D:3      | Reached skill level 6 in Axes
  1871 | D:3      | Reached XP level 7. HP: 29/43 MP: 7/7
  1918 | D:3      | 1918 ||| Stepping ~*~*~tactically~*~*~ (stealth).
  1921 | D:3      | 1921 ||| Stepping ~*~*~tactically~*~*~ (hiding).
  1925 | D:3      | 1925 ||| Stepping ~*~*~tactically~*~*~ (hiding).
  1980 | D:3      | 1980 ||| DROPPING +0 mace.
  2108 | D:3      | Found an opulent altar of Gozag.
  2217 | D:3      | Found a runed translucent door.
  2218 | D:3      | Noticed Crazy Yiuf
  2279 | D:3      | Noticed Natasha
  2280 | D:3      | 2280 ||| Stepping ~*~*~tactically~*~*~ (stealth).
  2282 | D:3      | 2282 ||| Stepping ~*~*~tactically~*~*~ (stealth).
  2288 | D:3      | 2288 ||| Stepping ~*~*~tactically~*~*~ (stealth).
  2290 | D:3      | 2290 ||| Stepping ~*~*~tactically~*~*~ (hiding).
  2295 | D:3      | Killed Natasha
  2421 | D:3      | Noticed Natasha
  2433 | D:3      | Killed Natasha
  2451 | D:3      | Noticed Natasha
  2462 | D:3      | Killed Natasha
  2569 | D:3      | 2569 ||| UPGRADING to +1 helmet.
  2574 | D:3      | 2574 ||| UPGRADING to +0 pair of gloves.
  2639 | D:4      | Found a sparkling altar of Nemelex Xobeh.
  3005 | D:4      | Reached skill level 7 in Axes
  3068 | D:4      | 3068 ||| Stepping ~*~*~tactically~*~*~ (hiding).
  3070 | D:4      | 3070 ||| Stepping ~*~*~tactically~*~*~ (hiding).
  3412 | D:4      | Noticed Blork the orc
  3413 | D:4      | 3413 ||| Stepping ~*~*~tactically~*~*~ (hiding).
  3421 | D:4      | Killed Blork the orc
  3646 | D:4      | 3646 ||| DROPPING amulet of faith.
  3647 | D:4      | 3647 ||| READING scroll labelled ITHRED BUAKUARO.
  3648 | D:4      | 3648 ||| READING scroll labelled NODGHA IZOSSEPA.
  3648 | D:4      | Identified a scroll of acquirement
  3648 | D:4      | 3648 ||| ACQUIRING +3 plate armour of Warphiarch {rPois
                  | Str+3 Stlth-}
  3648 | D:4      | Acquired the +3 plate armour of Warphiarch {rPois Str+3
                  | Stlth-}
  3650 | D:4      | 3650 ||| UPGRADING to +3 plate armour of Warphiarch {rPois
                  | Str+3 Stlth-}.
  3660 | D:4      | 3660 ||| DROPPING +0 plate armour.
  3661 | D:4      | 3661 ||| READING scroll labelled UNADOAC TU OCA.
  3662 | D:4      | 3662 ||| READING 6 scrolls of identify.
  3662 | D:4      | 3662 ||| IDENTIFYING grey potion
  3663 | D:4      | 3663 ||| READING 5 scrolls of identify.
  3663 | D:4      | 3663 ||| IDENTIFYING bubbling orange potion
  3664 | D:4      | 3664 ||| READING 4 scrolls of identify.
  3664 | D:4      | 3664 ||| IDENTIFYING dark potion
  3665 | D:4      | 3665 ||| READING 3 scrolls of identify.
  3665 | D:4      | 3665 ||| IDENTIFYING viscous golden potion
  3666 | D:4      | 3666 ||| DROPPING potion of brilliance.
  3667 | D:4      | 3667 ||| DROPPING potion of berserk rage.
  3692 | D:5      | Entered Level 5 of the Dungeon
  3714 | D:5      | Reached skill level 1 in Dodging
  3714 | D:5      | Reached XP level 8. HP: 48/48 MP: 8/8
  3919 | D:5      | 3919 ||| Stepping ~*~*~tactically~*~*~ (stealth).
  3933 | D:5      | 3933 ||| Stepping ~*~*~tactically~*~*~ (stealth).
  4077 | D:5      | Reached skill level 8 in Axes
  4455 | D:5      | Found a staircase to the Ecumenical Temple.
  4456 | D:5      | 4456 ||| PLANNING TEMPLE
  4456 | D:5      | 4456 ||| READING 2 scrolls labelled XUOHOUL YBIROI.
  4457 | D:5      | 4457 ||| DROPPING scroll of magic mapping.
  4463 | Temple   | Entered the Ecumenical Temple
  4507 | Temple   | 4507 ||| PLANNING OKAWARU WORSHIP
  4524 | Temple   | Became a worshipper of Warmaster Okawaru
  4524 | Temple   | 4524 ||| PLANNING D:1-11
  4584 | D:6      | 4584 ||| PLANNING OSSUARY
  4803 | D:6      | Reached skill level 6 in Fighting
  4810 | D:6      | Found a stormy altar of Qazlal.
  4846 | D:6      | Found an ancient bone altar of Kikubaaqudgha.
  4855 | D:6      | 4855 ||| Stepping ~*~*~tactically~*~*~ (hiding).
  5019 | D:6      | Noticed a hornet
  5026 | D:6      | Killed a hornet
  5027 | D:6      | Reached XP level 9. HP: 44/55 MP: 9/9
  5198 | D:6      | 5198 ||| RIP OSSUARY
  5288 | D:6      | 5288 ||| PLANNING D:1-11
  5414 | D:6      | Found a faded altar of an unknown god.
  5414 | D:6      | Noticed Edmund
  5425 | D:6      | Killed Edmund
  5426 | D:6      | Reached skill level 9 in Axes
  5441 | D:6      | Found a hazy altar of Hepliaklqana.
  5443 | D:6      | 5443 ||| DROPPING +0 flail.
  5568 | D:6      | 5568 ||| UPGRADING to +0 kite shield.
  5578 | D:6      | 5578 ||| DROPPING +0 buckler.
  5606 | D:7      | 5606 ||| STAIRDANCE
  5906 | D:7      | Killed an unseen horror
  5906 | D:7      | Reached * piety under Okawaru
  5997 | D:7      | 5997 ||| Stepping ~*~*~tactically~*~*~ (stealth).
  6010 | D:7      | 6010 ||| Stepping ~*~*~tactically~*~*~ (stealth).
  6011 | D:7      | 6011 ||| Stepping ~*~*~tactically~*~*~ (stealth).
  6018 | D:7      | Reached skill level 1 in Invocations
  6058 | D:7      | Reached skill level 6 in Shields
  6156 | D:7      | Noticed Menkaure
  6157 | D:7      | 6157 ||| INVOKING Heroism.
  6163 | D:7      | Killed Menkaure
  6256 | D:7      | 6256 ||| Stepping ~*~*~tactically~*~*~ (stealth).
  6257 | D:7      | 6257 ||| Stepping ~*~*~tactically~*~*~ (stealth).
  6327 | D:7      | 6327 ||| INVOKING Heroism.
  6332 | D:7      | Reached skill level 3 in Invocations
  6346 | D:7      | 6346 ||| INVOKING Heroism.
  6358 | D:7      | 6358 ||| DRINKING 6 potions of curing.
  6358 | D:7      | 6358 ||| (to cure confusion)
  6364 | D:7      | 6364 ||| INVOKING Heroism.
  6562 | D:7      | Reached XP level 10. HP: 60/60 MP: 13/13
  6601 | D:7      | Found an ornate altar of the Wu Jian Council.
  6738 | D:7      | 6738 ||| Stepping ~*~*~tactically~*~*~ (stealth).
  6916 | D:7      | 6916 ||| READING scroll labelled PEOTAURIAQ.
  6943 | D:8      | 6943 ||| Stepping ~*~*~tactically~*~*~ (stealth).
  6945 | D:8      | 6945 ||| INVOKING Heroism.
  6988 | D:8      | 6988 ||| Stepping ~*~*~tactically~*~*~ (stealth).
  6999 | D:8      | Reached skill level 6 in Armour
  7004 | D:8      | 7004 ||| INVOKING Heroism.
  7013 | D:8      | Reached ** piety under Okawaru
  7024 | D:8      | Reached skill level 9 in Shields
  7034 | D:8      | Reached *** piety under Okawaru
  7039 | D:8      | HP: 14/63 [water moccasin (4)]
  7040 | D:8      | 7040 ||| READING 3 scrolls of teleportation.
  7041 | D:8      | 7041 ||| DRINKING potion of heal wounds.
  7042 | D:8      | 7042 ||| INVOKING Heroism.
  7046 | D:8      | Reached skill level 10 in Axes
  7181 | D:8      | Found a staircase to the Lair.
  7278 | D:8      | 7278 ||| Stepping ~*~*~tactically~*~*~ (stealth).
  7291 | D:8      | 7291 ||| Stepping ~*~*~tactically~*~*~ (stealth).
  7298 | D:8      | 7298 ||| Stepping ~*~*~tactically~*~*~ (stealth).
  7444 | D:8      | Noticed a two-headed ogre
  7445 | D:8      | 7445 ||| INVOKING Heroism.
  7462 | D:8      | Killed a two-headed ogre
  7463 | D:8      | Reached XP level 11. HP: 37/68 MP: 14/14
  7617 | D:8      | Found a burning altar of Makhleb.
  7629 | D:8      | 7629 ||| Stepping ~*~*~tactically~*~*~ (hiding).
  7871 | D:8      | 7871 ||| PLANNING LAIR
  7871 | D:8      | 7871 ||| UPGRADING to amulet of regeneration.
  7913 | Lair:1   | Entered Level 1 of the Lair of Beasts
  7923 | Lair:1   | 7923 ||| INVOKING Heroism.
  7985 | Lair:1   | 7985 ||| INVOKING Heroism.
  8021 | Lair:1   | 8021 ||| Stepping ~*~*~tactically~*~*~ (stealth).
  8150 | Lair:1   | 8150 ||| INVOKING Heroism.
  8179 | Lair:1   | 8179 ||| Stepping ~*~*~tactically~*~*~ (stealth).
  8180 | Lair:1   | 8180 ||| INVOKING Heroism.
  8186 | Lair:1   | Reached skill level 11 in Axes
  8254 | Lair:1   | 8254 ||| INVOKING Heroism.
  8290 | Lair:1   | Noticed a death yak
  8291 | Lair:1   | 8291 ||| INVOKING Heroism.
  8292 | Lair:1   | 8292 ||| Stepping ~*~*~tactically~*~*~ (stealth).
  8305 | Lair:1   | Killed a death yak
  8340 | Lair:1   | 8340 ||| INVOKING Heroism.
  8468 | Lair:1   | 8468 ||| DROPPING +4 flail.
  8726 | Lair:1   | 8726 ||| UPGRADING to ring of see invisible.
  8727 | Lair:1   | 8727 ||| READING scroll labelled NATTOC ZAKIU.
  8772 | Lair:2   | 8772 ||| INVOKING Heroism.
  8799 | Lair:2   | 8799 ||| INVOKING Heroism.
  8827 | Lair:2   | 8827 ||| INVOKING Heroism.
  8834 | Lair:2   | Received a gift from Okawaru
  8857 | Lair:2   | Reached skill level 9 in Fighting
  8883 | Lair:2   | 8883 ||| Stepping ~*~*~tactically~*~*~ (stealth).
  8890 | Lair:2   | 8890 ||| Stepping ~*~*~tactically~*~*~ (hiding).
  8898 | Lair:2   | 8898 ||| INVOKING Heroism.
  8915 | Lair:2   | 8915 ||| Stepping ~*~*~tactically~*~*~ (stealth).
  8968 | Lair:2   | 8968 ||| INVOKING Heroism.
  9001 | Lair:2   | 9001 ||| INVOKING Heroism.
  9042 | Lair:2   | Noticed a manticore
  9043 | Lair:2   | 9043 ||| INVOKING Heroism.
  9062 | Lair:2   | Killed a manticore
  9122 | Lair:2   | Reached XP level 12. HP: 76/76 MP: 15/15
  9184 | Lair:2   | Reached skill level 12 in Axes
  9200 | Lair:2   | Found a staircase to the Shoals.
  9225 | Lair:2   | Reached skill level 1 in Throwing
  9320 | Lair:2   | Identified the +4 trident "Weta" {spect, rCorr}
  9348 | Lair:2   | Reached **** piety under Okawaru
  9727 | Lair:3   | 9727 ||| STAIRDANCE
  9746 | Lair:3   | Noticed a five-headed hydra
  9747 | Lair:3   | 9747 ||| STAIRDANCE
  9766 | Lair:3   | 9766 ||| INVOKING Heroism.
  9768 | Lair:3   | 9768 ||| SWAPPING to +2 heavy flail.
  9775 | Lair:3   | Killed a five-headed hydra
  9776 | Lair:3   | Reached skill level 9 in Armour
  9776 | Lair:3   | 9776 ||| SWAPPING to +1 war axe.
  9840 | Lair:3   | 9840 ||| READING scroll of enchant armour.
  9840 | Lair:3   | 9840 ||| ENCHANTING +0 pair of gloves.
  9888 | Lair:3   | 9888 ||| INVOKING Heroism.
  9945 | Lair:3   | Found a hole to the Spider Nest.
  9946 | Lair:3   | 9946 ||| INVOKING Heroism.
  9986 | Lair:3   | 9986 ||| INVOKING Heroism.
 10007 | Lair:3   | Noticed a five-headed hydra
 10013 | Lair:3   | 10013 ||| INVOKING Heroism.
 10014 | Lair:3   | 10014 ||| SWAPPING to +2 heavy flail.
 10023 | Lair:3   | Killed a five-headed hydra
 10024 | Lair:3   | 10024 ||| SWAPPING to +1 war axe.
 10058 | Lair:3   | 10058 ||| INVOKING Heroism.
 10186 | Lair:3   | 10186 ||| Stepping ~*~*~tactically~*~*~ (hiding).
 10249 | Lair:3   | 10249 ||| INVOKING Heroism.
 10267 | Lair:3   | 10267 ||| INVOKING Heroism.
 10612 | Lair:3   | 10612 ||| READING scroll labelled NIOTHR CESECRIG.
 10613 | Lair:3   | 10613 ||| READING scroll labelled WEAPNI NIETOUC.
 10614 | Lair:3   | 10614 ||| READING 7 scrolls of identify.
 10614 | Lair:3   | 10614 ||| IDENTIFYING inky potion
 10644 | Lair:4   | 10644 ||| Stepping ~*~*~tactically~*~*~ (stealth).
 10738 | Lair:4   | 10738 ||| INVOKING Heroism.
 10814 | Lair:4   | Reached skill level 6 in Invocations
 10919 | Lair:4   | 10919 ||| INVOKING Heroism.
 10966 | Lair:4   | 10966 ||| Stepping ~*~*~tactically~*~*~ (stealth).
 10967 | Lair:4   | 10967 ||| Stepping ~*~*~tactically~*~*~ (stealth).
 11071 | Lair:4   | 11071 ||| Stepping ~*~*~tactically~*~*~ (stealth).
 11074 | Lair:4   | 11074 ||| Stepping ~*~*~tactically~*~*~ (stealth).
 11083 | Lair:4   | Noticed a four-headed hydra
 11084 | Lair:4   | 11084 ||| INVOKING Heroism.
 11090 | Lair:4   | Reached XP level 13. HP: 74/82 MP: 15/18
 11093 | Lair:4   | 11093 ||| SWAPPING to +2 heavy flail.
 11101 | Lair:4   | 11101 ||| SWAPPING to +1 war axe.
 11193 | Lair:4   | Found a viscous altar of Jiyva.
 11193 | Lair:4   | Found a staircase to the Slime Pits.
 11321 | Lair:4   | 11321 ||| INVOKING Heroism.
 11409 | Lair:4   | 11409 ||| INVOKING Heroism.
 11410 | Lair:4   | 11410 ||| SWAPPING to +2 heavy flail.
 11417 | Lair:4   | Reached skill level 3 in Throwing
 11417 | Lair:4   | 11417 ||| SWAPPING to +1 war axe.
 11924 | Lair:4   | 11924 ||| INVOKING Heroism.
 12034 | Lair:4   | 12034 ||| DRINKING 2 fuming brown potions.
 12083 | Lair:4   | 12083 ||| READING 6 scrolls of identify.
 12083 | Lair:4   | 12083 ||| IDENTIFYING smoky emerald potion
 12084 | Lair:4   | 12084 ||| DROPPING potion of invisibility.
 12100 | Lair:5   | Entered Level 5 of the Lair of Beasts
 12101 | Lair:5   | 12101 ||| INVOKING Heroism.
 12152 | Lair:5   | 12152 ||| INVOKING Heroism.
 12162 | Lair:5   | Reached skill level 13 in Axes
 12246 | Lair:5   | 12246 ||| INVOKING Heroism.
 12252 | Lair:5   | Reached skill level 9 in Invocations
 12253 | Lair:5   | Received a gift from Okawaru
 12339 | Lair:5   | 12339 ||| INVOKING Heroism.
 12376 | Lair:5   | 12376 ||| Stepping ~*~*~tactically~*~*~ (stealth).
 12379 | Lair:5   | 12379 ||| Stepping ~*~*~tactically~*~*~ (stealth).
 12504 | Lair:5   | 12504 ||| INVOKING Heroism.
 12531 | Lair:5   | 12531 ||| Stepping ~*~*~tactically~*~*~ (stealth).
 12557 | Lair:5   | 12557 ||| Stepping ~*~*~tactically~*~*~ (stealth).
 12560 | Lair:5   | 12560 ||| Stepping ~*~*~tactically~*~*~ (stealth).
 12582 | Lair:5   | Reached ***** piety under Okawaru
 12585 | Lair:5   | 12585 ||| INVOKING Heroism.
 12631 | Lair:5   | 12631 ||| Stepping ~*~*~tactically~*~*~ (stealth).
 12641 | Lair:5   | 12641 ||| INVOKING Heroism.
 12871 | Lair:5   | Received a gift from Okawaru
 12873 | Lair:5   | 12873 ||| SWAPPING to +3 war axe of electrocution.
 12874 | Lair:5   | 12874 ||| DROPPING +1 war axe.
 12897 | Lair:5   | 12897 ||| Stepping ~*~*~tactically~*~*~ (stealth).
 12898 | Lair:5   | 12898 ||| INVOKING Heroism.
 12899 | Lair:5   | 12899 ||| INVOKING Finesse.
 12919 | Lair:5   | Gained mutation: Your large and strong wings let you fly.
                  | [Gargoyle growth]
 12919 | Lair:5   | Reached XP level 14. HP: 87/88 MP: 14/21
 12930 | Lair:5   | Reached skill level 14 in Axes
 12951 | Lair:5   | 12951 ||| Stepping ~*~*~tactically~*~*~ (stealth).
 12952 | Lair:5   | 12952 ||| Stepping ~*~*~tactically~*~*~ (stealth).
 12966 | Lair:5   | 12966 ||| Stepping ~*~*~tactically~*~*~ (stealth).
 12977 | Lair:5   | 12977 ||| INVOKING Heroism.
 12981 | Lair:5   | 12981 ||| SWAPPING to +2 heavy flail.
 12986 | Lair:5   | 12986 ||| SWAPPING to +3 war axe of electrocution.
 13108 | Lair:5   | 13108 ||| Stepping ~*~*~tactically~*~*~ (stealth).
 13169 | Lair:5   | 13169 ||| Stepping ~*~*~tactically~*~*~ (stealth).
 13202 | Lair:5   | 13202 ||| INVOKING Heroism.
 13203 | Lair:5   | 13203 ||| Stepping ~*~*~tactically~*~*~ (stealth).
 13208 | Lair:5   | 13208 ||| SWAPPING to +2 heavy flail.
 13213 | Lair:5   | 13213 ||| SWAPPING to +3 war axe of electrocution.
 13257 | Lair:5   | 13257 ||| INVOKING Heroism.
 13374 | Lair:5   | Reached skill level 12 in Shields
 13385 | Lair:5   | 13385 ||| SWAPPING to +0 broad axe.
 13397 | Lair:5   | 13397 ||| DROPPING +3 war axe of electrocution.
 13691 | Lair:5   | 13691 ||| PLANNING D:1-11
 13691 | Lair:5   | 13691 ||| DROPPING ring of flight.
 13692 | Lair:5   | 13692 ||| UPGRADING to ring of protection from cold.
 13811 | D:9      | Found a shimmering altar of Xom.
 13899 | D:9      | 13899 ||| INVOKING Heroism.
 13911 | D:9      | Identified the +3 demon trident of Tufenusee {freeze,
                  | Dex+2} (Okawaru gifted it to you on level 9 of the Dungeon)
 13911 | D:9      | Received a gift from Okawaru
 13985 | D:9      | 13985 ||| Stepping ~*~*~tactically~*~*~ (hiding).
 14183 | D:9      | 14183 ||| Stepping ~*~*~tactically~*~*~ (hiding).
 14399 | D:9      | Found a white marble altar of Elyvilon.
 14399 | D:9      | Found a glowing silver altar of Zin.
 14399 | D:9      | Found a glowing golden altar of the Shining One.
 15024 | D:9      | 15024 ||| UPGRADING to +0 pair of boots.
 15047 | D:10     | Entered Level 10 of the Dungeon
 15067 | D:10     | Found a portal to a secret trove of treasure.
 15105 | D:10     | Noticed Maurice
 15106 | D:10     | Noticed Joseph
 15107 | D:10     | 15107 ||| Stepping ~*~*~tactically~*~*~ (stealth).
 15118 | D:10     | 15118 ||| Stepping ~*~*~tactically~*~*~ (stealth).
 15127 | D:10     | Killed Joseph
 15132 | D:10     | Killed Maurice
 15155 | D:10     | Found a shimmering blue altar of Sif Muna.
 15293 | D:10     | Noticed Josephine
 15320 | D:10     | Killed Josephine
 15541 | D:10     | Received a gift from Okawaru
 15719 | D:10     | 15719 ||| UPGRADING to scarf of repulsion.
 15750 | D:11     | 15750 ||| INVOKING Heroism.
 15751 | D:11     | 15751 ||| INVOKING Finesse.
 15752 | D:11     | 15752 ||| Stepping ~*~*~tactically~*~*~ (hiding).
 15753 | D:11     | 15753 ||| Stepping ~*~*~tactically~*~*~ (hiding).
 15812 | D:11     | 15812 ||| Stepping ~*~*~tactically~*~*~ (hiding).
 15814 | D:11     | 15814 ||| Stepping ~*~*~tactically~*~*~ (hiding).
 15838 | D:11     | Noticed Lodul
 15839 | D:11     | 15839 ||| Stepping ~*~*~tactically~*~*~ (hiding).
 15852 | D:11     | 15852 ||| INVOKING Heroism.
 15855 | D:11     | Killed Lodul
 15909 | D:11     | 15909 ||| Stepping ~*~*~tactically~*~*~ (hiding).
 15912 | D:11     | 15912 ||| Stepping ~*~*~tactically~*~*~ (hiding).
 15913 | D:11     | 15913 ||| Stepping ~*~*~tactically~*~*~ (hiding).
 15920 | D:11     | 15920 ||| Stepping ~*~*~tactically~*~*~ (stealth).
 15921 | D:11     | 15921 ||| Stepping ~*~*~tactically~*~*~ (stealth).
 15958 | D:11     | Reached skill level 6 in Throwing
 16037 | D:11     | Received a gift from Okawaru
 16059 | D:11     | Noticed Sonja
 16060 | D:11     | 16060 ||| INVOKING Finesse.
 16060 | D:11     | Noticed Urug
 16061 | D:11     | 16061 ||| INVOKING Heroism.
 16069 | D:11     | Killed Sonja
 16074 | D:11     | Killed Urug
 16139 | D:11     | 16139 ||| INVOKING Heroism.
 16150 | D:11     | Reached skill level 15 in Axes
 16189 | D:11     | 16189 ||| Stepping ~*~*~tactically~*~*~ (hiding).
 16190 | D:11     | 16190 ||| Stepping ~*~*~tactically~*~*~ (hiding).
 16191 | D:11     | 16191 ||| Stepping ~*~*~tactically~*~*~ (hiding).
 16201 | D:11     | 16201 ||| Stepping ~*~*~tactically~*~*~ (stealth).
 16203 | D:11     | 16203 ||| Stepping ~*~*~tactically~*~*~ (hiding).
 16209 | D:11     | 16209 ||| Stepping ~*~*~tactically~*~*~ (hiding).
 16210 | D:11     | 16210 ||| Stepping ~*~*~tactically~*~*~ (hiding).
 16401 | D:11     | 16401 ||| PLANNING D
 16417 | D:12     | 16417 ||| READING scroll of enchant armour.
 16417 | D:12     | 16417 ||| ENCHANTING +1 pair of gloves.
 16419 | D:12     | 16419 ||| Stepping ~*~*~tactically~*~*~ (stealth).
 16420 | D:12     | 16420 ||| Stepping ~*~*~tactically~*~*~ (stealth).
 16431 | D:12     | Reached XP level 15. HP: 72/94 MP: 22/22
 16463 | D:12     | Found a transporter.
 16467 | D:12     | Noticed qw's ghost (journeyman GrFi)
 16561 | D:12     | Found a transporter.
 16657 | D:12     | 16657 ||| INVOKING Heroism.
 16709 | D:12     | Found a staircase to the Orcish Mines.
 16997 | D:12     | You are sucked into a shaft and drop 2 floors!
 17033 | D:14     | 17033 ||| Stepping ~*~*~tactically~*~*~ (hiding).
 17034 | D:14     | 17034 ||| INVOKING Heroism.
 17058 | D:14     | HP: 23/96 [meliai/divine providence (7)]
 17059 | D:14     | 17059 ||| READING 8 scrolls of teleportation.
 17060 | D:14     | 17060 ||| DRINKING 3 potions of heal wounds.
 17061 | D:14     | 17061 ||| DRINKING 2 potions of heal wounds.
 17063 | D:14     | 17063 ||| DRINKING potion of heal wounds.
 17074 | D:14     | 17074 ||| Stepping ~*~*~tactically~*~*~ (stealth).
 17077 | D:14     | 17077 ||| INVOKING Heroism.
 17082 | D:14     | HP: 11/96 [meliai/divine providence (14)]
 17083 | D:14     | 17083 ||| READING 7 scrolls of teleportation.
 17083 | D:14     | HP: 2/96 [meliai/divine providence (10)]
 17084 | D:14     | Killed from afar by a meliai

Levels and vault maps discovered:
D:1:      onia_arrival_pentagram, layout_basic
D:2:      layout_rooms, shapermc_ecumenical_altar_ellora, uniq_sigmund
D:3:      layout_rooms, nicolae_gozag_seed_capital, uniq_crazy_yiuf_cottage,
          uniq_grinder, uniq_ijyb, uniq_natasha
D:4:      layout_basic, nemelex_dance_club_becter, nrook_mini_backslash,
          supply_closet_lemuel, uniq_blork_the_orc
D:5:      layout_basic, minmay_temple_entry_enclosed_plants,
          mrwooster_statue_mirror
D:6:      layout_cave_pods, kiku_gazebo_pond_becter,
          beargit_hepliaklqana_dungeon_heroes, marbit_many_paths,
          enter_ossuary_1
D:7:      layout_loops_corners, overflow_temple_1_default, enter_bailey_6,
          minmay_misc_feat_five, nrook_uturn, uniq_menkaure
D:8:      layout_basic, mainiacjoe_overflow_small_starburst,
          minmay_lair_entry_grove, dk_rats_in_the_wall
D:9:      layout_loops_corners, good_gods_mini_temple, xom_butterflies,
          st_stairs_6, minmay_three_doors
D:10:     layout_cave_pools, mainiacjoe_overflow_six_doors_small,
          nicolae_trove_entry_diagonal, serial_park, serial_park_square1
          [serial_park_minivault_5x5_4], serial_park_tiny_2, serial_park_tiny_2,
          serial_park_square3 [serial_park_minivault_5x5_2], serial_park_tiny_1,
          uniq_joseph, uniq_josephine, uniq_maurice
D:11:     layout_rooms, uniq_lodul, uniq_urug, uniq_sonja
D:12:     layout_gridville, orc_0_dummy, nzn_ghost_randoct
D:14:     layout_loops_corners
Temple:   zaba_magenta_temple
Lair:1:   layout_roguey, grunt_forest_small_clearing_treed
Lair:2:   layout_regular_city, minmay_shoals_entry_beasts, grunt_megastairs_1
Lair:3:   layout_loops_ring, hellmonk_spider_entry_not_the_bees, minmay_holes,
          infiniplex_staircase_pool
Lair:4:   cheibrodos_lair_river_kwai, layout_cave_pods,
          minmay_slime_entry_pillars
Lair:5:   grunt_lair_end_beastmaster, layout_cave_pods,
          chequers_serial_rivers_micro_a

Skill      XL: |  1  2  3  4  5  6  7  8  9 10 11 12 13 14 |
---------------+-------------------------------------------+-----
Axes           | 2 3 5 6 7 8 9 10 11 12 13 15 | 15.0
Fighting       | 4 6 8 9 10 11 | 11.9
Armour         | 4 5 7 8 9 10 11 | 11.0
Dodging        | 1 2 |  2.1
Shields        | 7 9 10 11 12 | 12.0
Invocations    | 4 7 10 | 10.0
Throwing       | 2 4 6 |  6.0

Action                     |  1- 3 |  4- 6 |  7- 9 | 10-12 | 13-15 || total
---------------------------+-------+-------+-------+-------+-------++-------
  Melee: War axe           |    84 |    98 |   352 |   693 |   489 ||  1716
         Flail             |       |       |       |    16 |    21 ||    37
         Broad axe         |       |       |       |       |   407 ||   407
  Throw: Boomerang         |       |       |     6 |       |       ||     6
         Javelin           |       |       |       |    16 |    83 ||    99
 Invoke: Heroism           |       |       |     4 |    29 |    22 ||    55
         Finesse           |       |       |       |       |     3 ||     3
    Use: Scroll            |     6 |     2 |     8 |     7 |     4 ||    27
         Potion            |     1 |     4 |     1 |     1 |     4 ||    11
 Armour: Scale mail        |    46 |    29 |       |       |       ||    75
         Plate armour      |       |    34 |   249 |   462 |   652 ||  1397
         Skin              |       |       |       |       |     3 ||     3
  Dodge: Dodged            |    40 |    24 |    88 |   201 |   264 ||   617
         Repelled          |       |       |       |       |     2 ||     2
  Block: Buckler           |    11 |    18 |    37 |       |       ||    66
         Kite shield       |       |       |    55 |   384 |   562 ||  1001

Table legend:
 A = Non-vault XP
 B = Vault XP
 C = Vault XP percentage of total XP
 D = Non-vault monster count
 E = Vault monster count
 F = Vault count percentage of total count
                 A         B        C        D         E       F
            +---------+---------+-------+---------+---------+-------
      Total |   65541 |   25481 |  28.0 |     390 |     106 |  21.4
            +---------+---------+-------+---------+---------+-------
        D:1 |      47 |       0 |   0.0 |      29 |       0 |   0.0
        D:2 |      44 |     239 |  84.5 |      11 |       1 |   8.3
        D:3 |     133 |     330 |  71.3 |      26 |       3 |  10.3
        D:4 |     250 |      90 |  26.5 |      11 |       3 |  21.4
        D:5 |     881 |       0 |   0.0 |      14 |       0 |   0.0
        D:6 |     738 |     176 |  19.3 |      10 |       2 |  16.7
        D:7 |    1852 |     169 |   8.4 |      21 |       1 |   4.5
        D:8 |    2117 |    2489 |  54.0 |      24 |      34 |  58.6
        D:9 |    2523 |    1717 |  40.5 |      20 |       4 |  16.7
       D:10 |    2556 |    3375 |  56.9 |      14 |      12 |  46.2
       D:11 |    5840 |    3394 |  36.8 |      22 |      12 |  35.3
       D:12 |    4649 |       0 |   0.0 |      25 |       0 |   0.0
       D:14 |     490 |       0 |   0.0 |       2 |       0 |   0.0
     Lair:1 |    4021 |       0 |   0.0 |      16 |       0 |   0.0
     Lair:2 |    6321 |    1204 |  16.0 |      29 |       3 |   9.4
     Lair:3 |    5881 |     403 |   6.4 |      21 |       3 |  12.5
     Lair:4 |    6782 |    3163 |  31.8 |      33 |      10 |  23.3
     Lair:5 |   20416 |    8732 |  30.0 |      62 |      18 |  22.5
            +---------+---------+-------+---------+---------+-------
